 Dungeon Crawl Stone Soup version 0.21.0-3-g78d12a8 (webtiles) character file.

698 Ghouzt the Chopper (level 7, -12/60 HPs)
             Began as a Hill Orc Fighter on Jan 9, 2018.
             Was a Follower of Qazlal.
             Mangled by an ogre
             ... wielding a +0 giant spiked club
              (20 damage)
             ... on level 4 of the Dungeon.
             The game lasted 00:08:53 (3544 turns).

Ghouzt the Chopper (Hill Orc Fighter)               Turns: 3544, Time: 00:08:53

Health: -12/60     AC: 10    Str: 21    XL:     7   Next: 65%
Magic:  7/7        EV:  5    Int:  8    God:    Qazlal [*.....]
Gold:   200        SH: 16    Dex: 10    Spells: 6/6 levels left

rFire    + . .     SeeInvis .   a - +0 war axe
rCold    + . .     Gourm    .   g - +0 large shield
rNeg     . . .     Faith    .   b - +0 scale mail
rPois    +         Spirit   .   w - +0 helmet
rElec    +         Reflect  .   q - +1 cloak
rCorr    +         Harm     .   (no gloves)
MR       .....                  (no boots)
Stlth    ..........             (no amulet)
HPRegen  0.20/turn              (no ring)
MPRegen  0.10/turn              (no ring)

@: resistant, hasted, drained, very quick
A: no striking features
a: Renounce Religion


You were on level 4 of the Dungeon.
You worshipped Qazlal.
Qazlal was aware of your devotion.
You were not hungry.

You visited 1 branch of the dungeon, and saw 4 of its levels.

You collected 200 gold pieces.

Inventory:

Hand Weapons
 a - a +0 war axe (weapon)
Armour
 b - a +0 scale mail (worn)
 c - a +0 shield
 g - a +0 large shield (worn)
 q - a +1 cloak (worn)
 w - a +0 helmet (worn)
Jewellery
 r - a +3 ring of strength {unknown}
 s - a +2 amulet of reflection {unknown}
 y - an uncursed amulet of regeneration {unknown}
Wands
 j - a wand of disintegration (13)
Scrolls
 d - a scroll of noise {unknown}
 e - 2 scrolls of enchant weapon {unknown}
 h - 4 scrolls of teleportation {unknown}
 i - 2 scrolls of enchant armour {unknown}
 l - a scroll of remove curse {unknown}
 m - a scroll of blinking {unknown}
 o - 3 scrolls of identify {unknown}
 p - a scroll of fog {unknown}
Potions
 k - a potion of ambrosia
 n - a potion of brilliance
Books
 u - a book of Cantrips

   Spells                             Type                      Level
   a - Confusing Touch                Hexes                        1
   b - Animate Skeleton               Necromancy                   1
   c - Summon Small Mammal            Summoning                    1
   d - Apportation                    Translocation                1
Comestibles
 f - 6 rations
 z - 2 chunks of flesh


   Skills:
 + Level 4.8(4.5) Fighting
 * Level 7.8(7.4) Axes
 + Level 4.7(4.4) Armour
 + Level 5.6(5.2) Shields


You had 6 spell levels left.
You didn't know any spells.

Dungeon Overview and Level Annotations

Branches:
Dungeon (4/15)
 Temple: D:4-7

Altars:
Ashenzari
Gozag
Makhleb
Qazlal
Vehumet


Message History

The ogre is lightly wounded.
It was a potion of curing.
You feel better. The ogre barely misses you.
You slash the ogre!
The ogre is moderately wounded.
You slash the ogre!
The ogre is severely wounded.
The ogre hits you with a giant spiked club!
* * * LOW HITPOINT WARNING * * *
Your shield prevents you from hitting the ogre.
The ogre is severely wounded.
You block the ogre's attack.
You hit the ogre.
The ogre is severely wounded.
You block the ogre's attack.
You hit the ogre.
The ogre is almost dead.
Okay, then.
You feel protected.
The ogre hits you with a giant spiked club!!
You die...

#.)......... .##
##........... ..
#..........#.##.#
#..........# ...####
#..........# #.)...#
#..........###.###.###
####.h...........#....
##O##.##...#.......
#@##.##.#.##.##...
#...........<.+...
##.#..#####.#.#...
#######.#..........#...
#.....#...#####.####...
#.....#....##..........
#.)...##...............
####..........#...........
#..........#..#...........


You could see an ogre and a hound.

Vanquished Creatures
  A hippogriff (D:3)
  The ghost of BonusName the Covered, an amateur MiFi (D:3)
  An ogre (D:4)
  4 wights (D:4)
  A crimson imp (D:3)
  7 adders
  2 worms
  5 leopard geckos
  An orc (D:4)
  2 ball pythons
  4 giant cockroaches
  12 goblins
  6 hobgoblins
  5 jackals
  11 kobolds
  A quokka (D:3)
  9 bats
  3 frilled lizards
  9 rats
85 creatures vanquished.

Notes
Turn   | Place    | Note
-------+----------+-------------------------------------------
     0 | D:1      | Ghouzt the Hill Orc Fighter began the quest for the Orb.
     0 | D:1      | Reached XP level 1. HP: 19/19 MP: 1/1
   380 | D:1      | Reached XP level 2. HP: 24/27 MP: 2/2
   530 | D:1      | Reached skill level 3 in Axes
   798 | D:1      | Reached XP level 3. HP: 33/33 MP: 3/3
  1484 | D:2      | Reached skill level 4 in Axes
  1484 | D:2      | Reached XP level 4. HP: 18/40 MP: 4/4
  1978 | D:2      | Found a stormy altar of Qazlal.
  2390 | D:2      | Became a worshipper of Qazlal Stormbringer
  2445 | D:3      | Found an opulent altar of Gozag.
  2477 | D:3      | Found a shattered altar of Ashenzari.
  2504 | D:3      | Noticed a hippogriff
  2521 | D:3      | Noticed BonusName's ghost (amateur MiFi)
  2534 | D:3      | Killed a hippogriff
  2534 | D:3      | Reached skill level 5 in Axes
  2534 | D:3      | Reached XP level 5. HP: 25/47 MP: 5/5
  2534 | D:3      | Reached XP level 6. HP: 28/53 MP: 6/6
  2543 | D:3      | Reached skill level 6 in Axes
  2550 | D:3      | Killed BonusName's ghost
  2550 | D:3      | Reached skill level 5 in Shields
  2951 | D:3      | Found a burning altar of Makhleb.
  2952 | D:3      | Found a radiant altar of Vehumet.
  2962 | D:3      | Reached XP level 7. HP: 57/60 MP: 7/7
  3134 | D:4      | Reached * piety under Qazlal
  3134 | D:4      | Reached skill level 7 in Axes
  3544 | D:4      | Mangled by an ogre

Skill      XL: |  1  2  3  4  5  6  7 |
---------------+----------------------+-----
Axes           | 3 4 5 6 7 |  7.8
Fighting       | 4 |  4.8
Shields        | 4 5 |  5.6
Armour         | 4 |  4.7

Action                   |  1- 3 |  4- 6 |  7- 9 || total
-------------------------+-------+-------+-------++-------
Melee: War axe           |   131 |   186 |    63 ||   380
  Use: Potion            |       |     5 |     4 ||     9
  Eat: Chunk             |     2 |     5 |     2 ||     9
Armor: Scale mail        |    59 |    86 |     7 ||   152
Dodge: Dodged            |    34 |    33 |     4 ||    71
Block: Large shield      |   126 |   195 |    41 ||   362
